 Dungeon Crawl Stone Soup version 0.27-a0-1228-gfd60fd639a (webtiles) character file.

Game seed: 3816132378895817287

38 robertstho the Firebug (level 3, 0/17 HPs)
             Began as a Vine Stalker Fire Elementalist on June 7, 2021.
             Slain by Grinder (3 damage)
             ... on level 3 of the Dungeon.
             The game lasted 00:02:24 (2215 turns).

robertstho the Firebug (VSFE)                       Turns: 2215, Time: 00:02:24

Health: 0/17       AC:  3    Str: 10    XL:     3   Next: 43%
Magic:  0/7        EV: 12    Int: 16    God:
Gold:   111        SH:  0    Dex: 14    Spells: 3/7 levels left

rFire    + . .     SeeInvis .   f - +1 spear (venom)
rCold    x . .     Faith    .   (no shield)
rNeg     . . .     Spirit   +   a - +1 robe
rPois    .         Reflect  .   (no helmet)
rElec    .         Harm     .   (no cloak)
rCorr    .         Rampage  .   (no gloves)
Will     .....                  (no boots)
Stlth    ++........             (no amulet)
HPRegen  0.05/turn              i - ring of fire
MPRegen  0.10/turn              (no ring)

@: no status effects
A: fangs 2, magic shield, antimagic bite, no potion heal 2
a: no special abilities


You were on level 3 of the Dungeon.
You visited 1 branch of the dungeon, and saw 3 of its levels.

You collected 111 gold pieces.

Inventory:

Hand Weapons
 f - a +1 spear of venom (weapon)
Armour
 a - a +1 robe (worn)
Jewellery
 i - a ring of fire (left hand)
Scrolls
 g - a scroll of vulnerability {unknown}
Potions
 b - 2 potions of flight
 e - a potion of heal wounds {unknown}
 h - 2 potions of curing {unknown}


   Skills:
 * Level 0.7 Fighting
 + Level 1.5 Dodging
 * Level 2.9 Stealth
 * Level 2.6 Spellcasting
 + Level 1.2 Conjurations
 * Level 3.6 Fire Magic


You had 3 spell levels left.
You knew the following spells:

 Your Spells              Type           Power      Damage    Failure   Level
a - Foxfire               Conj/Fire      56%        2x1d6     7%          1
b - Conjure Flame         Conj/Fire      14%        6-21      22%         3

Your spell library contained the following spells:

 Spells                   Type           Power      Damage    Failure   Level
 Inner Flame              Hex/Fire       11%        N/A       28%         3
 Sticky Flame             Conj/Fire      14%        2d4       56%         4
 Fireball                 Conj/Fire      7%         3d5       89%         5


Dungeon Overview and Level Annotations

Branches:
Dungeon (3/15)

Altars:

Annotations:
D:3 Grinder


Innate Abilities, Weirdness & Mutations

You have extremely sharp teeth.
When hurt, damage is shared between your health and your magic reserves.
Your bite disrupts and absorbs the magic of your enemies.
Potions cannot restore your health.


Message History

You finish memorising.
Spell assigned to 'b'.
A kobold comes into view. It is wielding a +0 whip.
A kobold is nearby!
A kobold is nearby!
A kobold is nearby!
A kobold is nearby!
You reach to attack!
The helpless kobold fails to defend itself.
You hit the kobold.
You kill the kobold!
No target in view!
No target in view!
Things that are here:
a +0 whip; a kobold corpse Grinder comes into view.
Grinder is nearby!
Grinder is nearby!
Grinder is nearby!
Grinder is nearby!
You reach to attack!
The helpless Grinder fails to defend herself.
You hit Grinder.
Grinder is lightly wounded.
You hit Grinder.
Grinder is lightly wounded.
Grinder gestures at you. Pain shoots through your body!
Ouch! That really hurt!
Grinder hits you.
You writhe in agony.
* * * LOW HITPOINT WARNING * * *
As you read the scroll labelled QASHUEZAWN, it crumbles to dust.
It is a scroll of identify.
b - 2 potions of flight Grinder gestures at you.
Pain shoots through your body!
* * * LOW HITPOINT WARNING * * *
As you read the scroll labelled HYINUTSURATT, it crumbles to dust.
You feel aware of your surroundings.
It was a scroll of magic mapping.
Grinder hits you.
You die...

* * * * ***
############### ,,*
#.......@5....# *,*
#.###########.# *,*
#.# *,#
*,#######.## *,*
*,.....#...########
*,*
*,***#............#
*,* *,*
###...######.# *,*
*,* ##.## **.#**,*
*,* #.# **..,**,*


You could see Grinder.

Vanquished Creatures
  A worm (D:2)
  A dart slug (D:1)
  3 giant cockroaches
  A goblin (D:1)
  A hobgoblin (D:1)
  7 jackals
  3 kobolds
  3 quokkas (D:1)
  2 ball pythons
  5 bats
  A frilled lizard (D:2)
  A rat (D:1)
29 creatures vanquished.

Vanquished Creatures (others)
  73 foxfires
73 creatures vanquished.

Grand Total: 102 creatures vanquished

Notes
Turn   | Place    | Note
-------+----------+-------------------------------------------
     0 | D:1      | robertstho the Vine Stalker Fire Elementalist began the
                  | quest for the Orb.
     0 | D:1      | Reached XP level 1. HP: 9/9 MP: 4/4
   194 | D:1      | Reached XP level 2. HP: 13/13 MP: 3/6
   795 | D:1      | Reached XP level 3. HP: 11/17 MP: 0/7
  1185 | D:2      | Found a faded altar of an unknown god.
  2134 | D:3      | Learned a level 3 spell: Conjure Flame
  2203 | D:3      | Noticed Grinder
  2215 | D:3      | Slain by Grinder

Illustrated notes

Levels and vault maps discovered:
D:1:      dpeg_arrival_tiny_h, layout_basic
D:2:      layout_loops_corners, basic_ecumenical_altar, roderic_serpentine_path
D:3:      layout_loops_ring, minmay_crystal_room, st_stairs_13, uniq_ijyb,
          uniq_grinder

Action                   || total
-------------------------++-------
Melee: Unarmed           ||     7
       Bite              ||     6
       Spear             ||    23
 Cast: Foxfire           ||    44
  Use: Scroll            ||     3
 Stab: Sleeping          ||     4
       Distracted        ||     1
Armor: Robe              ||     7
Dodge: Dodged            ||    29

Table legend: (Time is in decaauts)
 A = Elapsed time spent in this place.
 B = Non-inter-level travel time spent in this place.
 C = Inter-level travel time spent in this place.
 D = Time resting spent in this place.
 E = Time spent auto-exploring this place.
 F = Levels seen in this place.
 G = Mean time per level.
                   A        B        C        D        E       F      G
               +--------+--------+--------+--------+--------+-----+--------+
         Total |   2215 |   2026 |    189 |      0 |   1825 |   3 |  738.3 |
       Dungeon |   2215 |   2026 |    189 |      0 |   1825 |   3 |  738.3 |
               +--------+--------+--------+--------+--------+-----+--------+

Top non-repeatable levels by time:
     D:1: 1083 daAuts
     D:2: 1005 daAuts
     D:3: 127 daAuts
